 Dungeon Crawl Stone Soup version 0.23-a0-636-g0ff6057 (webtiles) character file.

269910 Lanoc the Minotaur Blade (level 19, -7/179 HPs)
             Began as a Minotaur Monk on Dec 28, 2018.
             Was the Champion of Okawaru.
             Mangled by a death knight
             ... wielding a +1 glaive
              (25 damage)
             ... on level 4 of the Vaults.
             The game lasted 02:10:40 (39324 turns).

Lanoc the Minotaur Blade (Minotaur Monk)           Turns: 39324, Time: 02:10:41

Health: -7/179     AC: 17    Str: 41    XL:     19   Next: 41%
Magic:  18/18      EV: 23    Int:  7    God:    Okawaru [******]
Gold:   2653       SH:  0    Dex: 14    Spells: 18/18 levels left

rFire    + + +     SeeInvis +   N - +11 plutonium sword {*Contam Stlth-}
rCold    + . .     Gourm    .   (shield currently unavailable)
rNeg     . . .     Faith    .   j - +7 troll leather armour of Nihilism {*Contam MR++ Regen+ Str+5}
rPois    .         Spirit   .   (helmet unavailable)
rElec    +         Reflect  +   I - scarf {rC+ rF+}
rCorr    +         Harm     .   P - +0 pair of gloves "Cafron" {rF+ rCorr Str+4}
MR       +++..                  C - +0 pair of boots {run}
Stlth    ..........             n - amulet "Ehaebuf" {Reflect rElec Str+4 SH+3}
HPRegen  0.79/turn              x - +5 ring of strength
MPRegen  0.16/turn              p - ring of see invisible

@: confused, studying Short Blades, quick
A: retaliatory headbutt, horns 3, fire resistance 1
}: 2/15 runes: decaying, gossamer
a: Heroism, Finesse, Renounce Religion


You were on level 4 of the Vaults.
You worshipped Okawaru.
Okawaru was exalted by your worship.
You were hungry.

You visited 8 branches of the dungeon, and saw 38 of its levels.
You also visited: Gauntlet.

You collected 3484 gold pieces.
You spent 831 gold pieces at shops.

Inventory:

Hand Weapons
 y - a +0 longbow
 K - a +5 scimitar of flaming
 N - the +11 plutonium sword (weapon) {*Contam Stlth-}
   (Okawaru gifted it to you on level 4 of the Spider Nest)

   It causes magical contamination when unequipped.
   It makes you less stealthy.
 Q - a +5 demon blade of freezing
Missiles
 o - 866 arrows
Armour
 j - the +7 troll leather armour of Nihilism (worn) {*Contam MR++ Regen+ Str+5}
   (Okawaru gifted it to you on level 2 of the Vaults)

   It affects your strength (+5).
   It affects your resistance to hostile enchantments.
   It causes magical contamination when unequipped.
   It increases your rate of regeneration.
 C - a +0 pair of boots of running (worn)
 I - a scarf of resistance (worn)
 O - a scarf of cloud immunity
 P - the +0 pair of gloves "Cafron" (worn) {rF+ rCorr Str+4}
   (You found it in a Gauntlet)

   It affects your strength (+4).
   It protects you from fire.
   It provides partial protection from all sources of acid and corrosion.
 T - a +0 crystal plate armour
 X - a scarf of repulsion
Jewellery
 n - the amulet "Ehaebuf" (around neck) {Reflect rElec Str+4 SH+3}
   (You found it on level 8 of the Dungeon)

   [amulet of reflection]

   It shields you and reflects attacks.
   It affects your strength (+4).
   It insulates you from electricity.
   It affects your SH (+3).
 p - a ring of see invisible (right hand)
 q - the ring of Fufopoacs {+Inv +Fly rPois rF- rC++}
   (You acquired it on level 4 of the Swamp)

   [ring of flight]

   It makes you vulnerable to fire.
   It greatly protects you from cold.
   It protects you from poison.
   It lets you turn invisible.
   It lets you fly.
 x - a +5 ring of strength (left hand)
Wands
 a - a wand of flame (10)
 u - a wand of scattershot (8)
 v - a wand of digging (6)
Scrolls
 b - 16 scrolls of teleportation
 e - 2 scrolls of brand weapon
 f - 3 scrolls of blinking
 h - 4 scrolls of enchant weapon
 k - 13 scrolls of remove curse
 l - 6 scrolls of fog
 A - a scroll of identify
 B - 11 scrolls of enchant armour
 D - 3 scrolls of amnesia
 G - 2 scrolls of magic mapping
 L - 3 scrolls of fear
 S - 5 scrolls of summoning
 W - a scroll of silence
Potions
 d - 13 potions of curing
 g - 4 potions of resistance
 i - 5 potions of agility
 r - 4 potions of cancellation
 t - a potion of mutation
 w - 2 potions of magic
 z - 5 potions of haste
 E - 6 potions of ambrosia
 F - a potion of berserk rage
 M - 4 potions of brilliance
 R - 2 potions of invisibility
 V - 6 potions of might
Books
 s - a manual of Short Blades
Comestibles
 c - 42 rations


   Skills:
 + Level 18.2 Fighting
 * Level 23.8 Long Blades
 + Level 9.6 Bows
 + Level 17.8 Armour
 + Level 16.8 Dodging
 - Level 1.5 Stealth


You had 18 spell levels left.
You didn't know any spells.
Your spell library contained the following spells:

 Spells                   Type           Power        Failure   Level  Hunger
 Beastly Appendage        Tmut           #.....       43%         1    ##.....
 Magic Dart               Conj           #...         43%         1    ##.....
 Sting                    Conj/Pois      #...         43%         1    ##.....
 Blink                    Tloc           N/A          58%         2    ###....
 Call Imp                 Summ           #.......     58%         2    ###....
 Corpse Rot               Necr           N/A          58%         2    ###....
 Ensorcelled Hibernation  Hex/Ice        #.....       58%         2    ###....
 Poisonous Vapours        Pois/Air       #.....       58%         2    ###....
 Searing Ray              Conj           #.....       58%         2    ###....
 Slow                     Hex            #.......     58%         2    ###....
 Sticks to Snakes         Tmut           #.......     58%         2    ###....
 Sublimation of Blood     Necr           #.........   58%         2    ###....
 Conjure Flame            Conj/Fire      #.......     82%         3    ####...
 Dazzling Spray           Conj/Hex       #.....       82%         3    ####...
 Mephitic Cloud           Conj/Pois/Air  #.......     82%         3    ####...
 Spider Form              Tmut/Pois      #.........   82%         3    ####...
 Cause Fear               Hex            #.........   99%         4    #####..
 Force Lance              Conj/Tloc      #.......     99%         4    #####..
 Fulminant Prism          Conj/Hex       #.........   99%         4    #####..
 Ice Form                 Ice/Tmut       #.......     99%         4    #####..
 Iskenderun's Mystic Bla  Conj           #.......     99%         4    #####..
 Leda's Liquefaction      Hex/Erth       #.........   99%         4    #####..
 Olgreb's Toxic Radiance  Pois           #.......     99%         4    #####..
 Agony                    Necr           #.......     100%        5    ######.
 Blade Hands              Tmut           #.........   100%        5    ######.
 Bolt of Draining         Conj/Necr      #.........   100%        5    ######.
 Bolt of Magma            Conj/Fire/Erth #.........   100%        5    ######.
 Borgnjor's Vile Clutch   Necr/Erth      #.........   100%        5    ######.
 Dispel Undead            Necr           #.......     100%        5    ######.
 Excruciating Wounds      Chrm/Necr      #.........   100%        5    ######.
 Silence                  Hex/Air        #.........   100%        5    ######.
 Venom Bolt               Conj/Pois      #.........   100%        5    ######.
 Yara's Violent Unravell  Hex/Tmut       #.........   100%        5    ######.
 Darkness                 Hex            #.........   100%        6    #######
 Deflect Missiles         Chrm/Air       #.........   100%        6    #######
 Freezing Cloud           Conj/Ice/Air   #.........   100%        6    #######
 Iron Shot                Conj/Erth      #.........   100%        6    #######
 Shadow Creatures         Summ           N/A          100%        6    #######
 Statue Form              Tmut/Erth      #........    100%        6    #######
 Ring of Flames           Chrm/Fire      #.........   100%        7    #######
 Discord                  Hex            #.........   100%        8    #######
 Shatter                  Erth           #.........   100%        9    #######


Dungeon Overview and Level Annotations

Branches:
Dungeon (15/15)            Temple (1/1) D:5            Lair (6/6) D:11
  Swamp (4/4) Lair:3       Spider (4/4) Lair:2        Slime (2/5) Lair:5
    Orc (2/2) D:9             Elf (0/3) Orc:2        Vaults (4/5) D:13
  Crypt (0/3) Vaults:2     Depths (0/5) D:15

Altars:
Ashenzari
Cheibriados
Dithmenos
Elyvilon
Fedhas
Gozag
Hepliaklqana
Kikubaaqudgha
Makhleb
Nemelex Xobeh
Okawaru
Qazlal
Ru
Sif Muna
Trog
Uskayaw
Vehumet
Wu Jian
Xom
Yredelemnul
Zin
The Shining One
Beogh

Shops:
D:7 =   D:9 *   D:10 !   D:14 !   D:15 ?   Orc:2 [=*(

Portals:
Trove: D:10 (give 5 scrolls of blinking)

Annotations:
D:10 5 blink scrolls for treasure trove
D:12 3 runed doors
Lair:6 Pusaech's ghost, journeyman DDBe


Innate Abilities, Weirdness & Mutations

You reflexively headbutt those who attack you in melee.
You have a pair of large horns on your head.
Your flesh is heat resistant. (rF+)


Message History

Okawaru accepts your kill. The ice beast closely misses you.
You riposte.
You slash the ice beast! You headbutt the ice beast.
The ice beast is heavily wounded.
The death knight hits you from afar with a +1 glaive!!
* * * LOW HITPOINT WARNING * * *
You open the deep elf mage like a pillowcase!!!
You kill the deep elf mage!
Okawaru accepts your kill.
The ice beast disappears in a puff of smoke!
The yaktaur shoots a bolt.
The bolt hits you!!
* * * LOW HITPOINT WARNING * * *
You are confused.
You feel invigorated.
The death knight's dark mirror aura disappears.
The death knight misses you.
The yaktaur unwields a +0 arbalest.
The yaktaur hits you but does no damage.
The death knight hits you from afar with a +1 glaive!!
You die...

#####..#
...##.# #
..#..#
#.#.##.#
##.#.#^.#
#...$†..#
#....)..#
#.....c.#
#..#p)@##
#.##))(#
#. #(#.#
# #...#
#####


You could see a death knight and a yaktaur.

Vanquished Creatures
  A juggernaut (Vaults:2)
  Rupert (D:14)
  An acid blob (Slime:1)
  An ancient champion (Vaults:2)
  A sphinx (Vaults:4)
  A thorn hunter (Swamp:4)
  A tengu reaver (Vaults:2)
  Roxanne (D:14)
  3 ghost moths (Spider:4)
  5 emperor scorpions
  2 orc warlords
  A ghoul (Vaults:4)
  4 ironheart preservers
  The ghost of Zuamen the Severer, a journeyman DDFi of Makhleb (Swamp:3)
  2 stone giants (Vaults:2)
  2 war gargoyles
  A deep elf demonologist (Vaults:4)
  Azrael (Orc:2)
  4 spark wasps
  12 entropy weavers
  A dire elephant (D:15)
  2 minotaurs
  An ettin (Vaults:1)
  A jiangshi (Vaults:2)
  2 fire dragons
  3 yaktaur captains
  A great orb of eyes (Gauntlet)
  Josephine (D:12)
  An ice dragon (Lair:6)
  Harold (D:9)
  Fannar (Lair:3)
  25 hydras
  3 catoblepae
  The ghost of Patate the Skirmisher, a novice TrFi of Trog (D:8)
  Erica (D:8)
  3 ghost crabs
  17 two-headed ogres
  4 death knights
  4 centaur warriors
  7 alligators
  4 shambling mangroves
  3 deep troll shamans
  5 ogre magi
  A tengu warrior (D:15)
  2 orc high priests
  A deep troll earth mage (Vaults:3)
  3 deep elf knights
  The ghost of Ereth the Basher, a novice TrBe of Trog (Lair:1)
  A dancing weapon (Swamp:3)
  4 shadow wraiths
  6 skeletal warriors
  5 fire crabs (D:10)
  3 spriggan druids
  5 unseen horrors
  A flayed ghost (Vaults:1)
  A glowing orange brain (Vaults:2)
  3 deep elf archers
  8 deep trolls
  23 orc knights
  A wizard (D:15)
  A lindwurm (Lair:5)
  7 swamp dragons
  18 ugly things
  8 ironbrand convokers
  2 necromancers
  4 orc sorcerers
  An oklob plant (D:11)
  Pikel (D:6)
  3 harpies (Vaults:2)
  A tengu skeleton (Vaults:3)
  A shining eye (Slime:1)
  24 wolf spiders
  4 cyclopes
  A stone giant zombie (Vaults:3)
  A manticore (D:12)
  8 deep elf magi
  10 orb spiders
  2 centaur zombies
  16 elephants
  A moth of wrath (Spider:4)
  A black mamba (shapeshifter) (Vaults:3)
  Psyche (D:11)
  3 black mambas
  A naga mage (D:15)
  2 apocalypse crabs
  6 vault sentinels
  A frost giant skeleton (Vaults:3)
  3 gargoyles
  A torpor snail (Spider:1)
  A kobold demonologist (D:12)
  An efreet (D:14)
  15 spiny frogs
  6 freezing wraiths
  16 yaktaurs
  A swamp worm zombie (Swamp:2)
  7 komodo dragons
  7 rime drakes
  16 demonic crawlers
  A jumping spider (shapeshifter) (Vaults:2)
  A merfolk (Vaults:3)
  A tengu conjurer (D:15)
  A hydra zombie (Swamp:2)
  3 meliai (D:14)
  11 trolls
  15 jumping spiders
  A yaktaur skeleton (Vaults:3)
  3 polar bears
  A wolf spider simulacrum (D:15)
  A queen bee (D:9)
  5 bog bodies (Swamp:4)
  22 hornets
  6 hippogriffs
  15 tyrant leeches
  Grinder (D:4)
  4 blink frogs (Lair:3)
  37 slime creatures
  46 redbacks
  3 shadows
  22 tarantellas
  36 yaks
  8 wraiths
  4 water elementals (D:14)
  A spriggan (shapeshifter) (Vaults:2)
  7 spriggans
  4 wyverns
  2 fire elementals (Orc:2)
  A basilisk (Lair:6)
  12 vampire mosquitoes
  17 swamp worms
  4 wargs
  Menkaure (D:6)
  8 insubstantial wisps
  A soldier ant (D:11)
  2 acid dragons (Vaults:1)
  18 water moccasins
  3 hell hounds (Orc:2)
  Duvessa (D:3)
  A hydra simulacrum (Lair:6)
  3 porcupines
  45 orc warriors
  15 swamp drakes
  2 black bears
  2 eyes of draining
  7 ice beasts
  6 sky beasts
  A black mamba simulacrum (Lair:6)
  7 necrophages
  4 phantoms
  A slave (D:6)
  16 ogres
  3 boggarts (Vaults:3)
  17 centaurs
  A swamp dragon zombie (Swamp:2)
  9 crocodiles
  A komodo dragon zombie (Swamp:2)
  2 big kobolds
  5 gnoll sergeants (D:8)
  11 bullfrogs
  A wyvern zombie (D:7)
  A water moccasin zombie (Swamp:2)
  Dowan (D:3)
  A wyvern skeleton (D:14)
  2 scorpions
  17 killer bees (D:9)
  9 wights
  An elephant simulacrum (Lair:1)
  3 howler monkeys
  6 electric eels
  5 crimson imps
  A rime drake simulacrum (Lair:1)
  A fire crab simulacrum (Lair:6)
  2 human simulacra
  2 hippogriff simulacra (Lair:1)
  2 bullfrog zombies
  A komodo dragon simulacrum (Lair:6)
  7 hounds
  24 orc priests
  2 water moccasin simulacra (Lair:1)
  18 jellies
  2 centaur skeletons
  A quasit (D:7)
  A gnoll shaman (D:8)
  26 orc wizards
  2 bullfrog skeletons
  Jessica (D:3)
  Natasha (thrice) (D:4)
  4 iguanas
  A yak simulacrum (Lair:1)
  21 worker ants
  A killer bee zombie (D:8)
  A bullfrog simulacrum (Lair:1)
  4 hound skeletons
  A howler monkey zombie (D:10)
  2 worker ant zombies
  9 gnolls
  16 adders
  3 shadow imps
  A white imp (D:15)
  An ufetubus (D:15)
  6 oozes
  5 worms
  3 dart slugs
  5 leopard geckos
  76 orcs
  2 ball pythons
  6 giant cockroaches
  2 gnoll zombies (D:9)
  8 goblins
  5 hobgoblins
  8 jackals
  18 kobolds
  5 quokkas
  9 bats
  8 frilled lizards
  A jackal zombie (D:5)
  A quokka zombie (D:6)
  10 rats
  A plant (D:11)
1286 creatures vanquished.

Vanquished Creatures (others)
  A yaktaur (Vaults:1)
  A hornet (Swamp:4)
  A vampire mosquito (Swamp:3)
  A boggart (Vaults:3)
  An electric eel (D:14)
  A crimson imp (D:6)
  2 orc wizards (D:9)
  A ball python (D:6)
  A kobold (D:10)
  5 fungi (Lair:6)
  6 plants (D:8)
21 creatures vanquished.

Grand Total: 1307 creatures vanquished

Notes
Turn   | Place    | Note
-------+----------+-------------------------------------------
     0 | D:1      | Lanoc the Minotaur Monk began the quest for the Orb.
     0 | D:1      | Reached XP level 1. HP: 19/19 MP: 0/0
    17 | D:1      | Reached XP level 2. HP: 27/27 MP: 1/1
    85 | D:1      | Reached skill level 4 in Long Blades
    97 | D:1      | Reached skill level 1 in Armour
   819 | D:2      | Reached XP level 3. HP: 33/33 MP: 2/2
  1235 | D:2      | Found a snail-covered altar of Cheibriados.
  1237 | D:2      | Reached XP level 4. HP: 30/40 MP: 3/3
  1583 | D:3      | Noticed an orc warrior
  1588 | D:3      | Reached skill level 5 in Long Blades
  1601 | D:3      | Killed an orc warrior
  1601 | D:3      | Reached XP level 5. HP: 25/47 MP: 4/4
  2123 | D:3      | Noticed Jessica
  2132 | D:3      | Killed Jessica
  2132 | D:3      | Reached XP level 6. HP: 53/55 MP: 5/5
  2187 | D:3      | Reached skill level 6 in Long Blades
  2239 | D:4      | Found a hazy altar of Hepliaklqana.
  2245 | D:4      | Reached skill level 5 in Fighting
  2380 | D:4      | HP: 2/56 [ogre/+0 giant spiked club (17)]
  2391 | D:4      | HP: 1/56 [worker ant (3)]
  2779 | D:4      | Noticed Natasha
  2785 | D:4      | Killed Natasha
  2846 | D:4      | Reached XP level 7. HP: 52/61 MP: 6/6
  2951 | D:4      | Noticed Natasha
  2956 | D:4      | Killed Natasha
  3013 | D:4      | Noticed Grinder
  3023 | D:4      | Killed Grinder
  3023 | D:4      | Reached skill level 7 in Long Blades
  3023 | D:4      | Reached skill level 5 in Dodging
  3033 | D:4      | Noticed Dowan
  3033 | D:4      | Noticed Duvessa
  3210 | D:3      | Killed Duvessa
  3213 | D:3      | Killed Dowan
  3433 | D:4      | Noticed Natasha
  3443 | D:4      | Killed Natasha
  3509 | D:4      | Paralysed by an orc for 2 turns
  3539 | D:4      | Reached XP level 8. HP: 27/70 MP: 2/7
  3752 | D:4      | Found a shimmering altar of Xom.
  3849 | D:5      | Entered Level 5 of the Dungeon
  3852 | D:5      | Found a shattered altar of Ashenzari.
  3877 | D:5      | Found an ancient bone altar of Kikubaaqudgha.
  3904 | D:5      | Found a staircase to the Ecumenical Temple.
  3907 | D:5      | Reached skill level 8 in Long Blades
  3913 | Temple   | Entered the Ecumenical Temple
  4095 | D:5      | Found a radiant altar of Vehumet.
  4539 | D:5      | Found an ornate altar of the Wu Jian Council.
  4766 | D:6      | Reached skill level 5 in Armour
  4863 | D:6      | Noticed Pikel
  4907 | D:6      | Killed Pikel
  4907 | D:6      | Reached skill level 9 in Long Blades
  5398 | D:6      | Noticed Menkaure
  5409 | D:6      | Killed Menkaure
  5676 | D:6      | Found a glowing silver altar of Zin.
  5690 | D:6      | Reached XP level 9. HP: 76/79 MP: 8/8
  5939 | D:7      | Reached skill level 10 in Long Blades
  6240 | D:7      | Found Cahawex's Jewellery Shoppe.
  6852 | D:8      | Noticed Erica
  6871 | D:8      | Killed Erica
  6882 | D:8      | Found a white marble altar of Elyvilon.
  6947 | D:8      | Found a transporter.
  6957 | D:8      | Reached skill level 11 in Long Blades
  6960 | D:8      | Noticed Patate's ghost (novice TrFi)
  6969 | D:8      | Found a transporter.
  7089 | D:8      | Found a burning altar of Makhleb.
  7092 | D:8      | Found a snail-covered altar of Cheibriados.
  7095 | D:8      | Found a shadowy altar of Dithmenos.
  7362 | D:8      | Noticed a two-headed ogre
  7369 | D:8      | Killed a two-headed ogre
  7369 | D:8      | Reached XP level 10. HP: 34/90 MP: 9/9
  7966 | D:8      | Killed Patate's ghost
  8102 | D:8      | Reached skill level 12 in Long Blades
  8122 | D:8      | Got a fine iron amulet
  8131 | D:8      | Identified the amulet "Ehaebuf" {Reflect rElec Str+4 SH+3}
                  | (You found it on level 8 of the Dungeon)
  8364 | D:9      | Found a basalt altar of Yredelemnul.
  8428 | D:9      | Found a deep blue altar of Sif Muna.
  8575 | D:9      | Found a staircase to the Orcish Mines.
  8576 | D:9      | You fall through a shaft for 3 floors!
  8576 | D:12     | Noticed a white ugly thing
  8577 | D:12     | Noticed a manticore
  8588 | D:12     | Killed a manticore
  8591 | D:12     | Killed a white ugly thing
  8622 | D:12     | Noticed an orange demon
  8628 | D:12     | Noticed a two-headed ogre
  8633 | D:12     | Killed a two-headed ogre
  8633 | D:12     | Reached skill level 13 in Long Blades
  8633 | D:12     | Reached XP level 11. HP: 89/99 MP: 10/10
  8767 | D:12     | Reached skill level 10 in Fighting
  8795 | D:12     | Noticed a six-headed hydra
  8801 | D:12     | Killed a four-headed hydra
  9033 | D:12     | Noticed a brown ugly thing
  9036 | D:12     | Got an iridescent dagger
  9050 | D:12     | Killed a brown ugly thing
  9218 | D:12     | Found a runed gate.
  9219 | D:12     | Found a runed gate.
  9219 | D:12     | Noticed a brown ugly thing
  9221 | D:12     | Noticed a glowing orange brain
  9222 | D:12     | Noticed a brown ugly thing
  9226 | D:12     | Found a runed gate.
  9227 | D:12     | Noticed a red very ugly thing
  9227 | D:12     | Noticed a purple ugly thing
  9229 | D:12     | Noticed a brown ugly thing
  9229 | D:12     | Noticed a brown ugly thing
  9310 | D:12     | Noticed Josephine
  9331 | D:12     | Killed Josephine
  9732 | D:11     | Reached skill level 14 in Long Blades
  9766 | D:11     | Reached skill level 10 in Armour
  9853 | D:11     | Noticed a six-headed hydra
  9859 | D:11     | Killed a four-headed hydra
  9860 | D:11     | Found a gate leading to a gauntlet.
  9892 | Gauntlet | Entered a Gauntlet
  9892 | Gauntlet | Found a transporter.
  9892 | Gauntlet | Found a transporter.
  9896 | Gauntlet | Found a transporter.
  9896 | Gauntlet | Found a transporter.
  9907 | Gauntlet | Found a transporter.
  9924 | Gauntlet | Noticed a wolf spider
  9925 | Gauntlet | Noticed an obsidian statue
  9926 | Gauntlet | Found a transporter.
  9935 | Gauntlet | Found a transporter.
  9935 | Gauntlet | Noticed an entropy weaver
  9936 | Gauntlet | Found a transporter.
  9936 | Gauntlet | Found a transporter.
  9936 | Gauntlet | Noticed a great orb of eyes
  9941 | Gauntlet | Found a transporter.
  9948 | Gauntlet | Noticed a cyan ugly thing
  9969 | Gauntlet | Found a transporter.
  9986 | Gauntlet | Noticed a catoblepas
  9987 | Gauntlet | Found a transporter.
 10034 | Gauntlet | Found a transporter.
 10046 | Gauntlet | Noticed a cacodemon
 10052 | Gauntlet | Found a transporter.
 10146 | Gauntlet | Found a transporter.
 10158 | Gauntlet | Found a transporter.
 10256 | Gauntlet | Killed a catoblepas
 10256 | Gauntlet | Reached skill level 10 in Dodging
 10412 | Gauntlet | Killed a wolf spider
 10426 | Gauntlet | Killed an entropy weaver
 10426 | Gauntlet | Reached XP level 12. HP: 39/110 MP: 11/11
 10442 | Gauntlet | Got a pair of dazzling gloves
 10453 | Gauntlet | Identified the cursed +0 pair of gloves "Cafron" {rF+ rCorr
                  | Str+4} (You found it in a Gauntlet)
 10702 | Gauntlet | Killed a great orb of eyes
 10818 | Gauntlet | Noticed a minotaur
 10830 | Gauntlet | Killed a minotaur
 11019 | Gauntlet | Identified the +5 dagger of Insufficient Pleasure {chaos,
                  | rC- Int+2 Dex+7} (You found it on level 12 of the Dungeon)
 11055 | D:11     | Reached skill level 15 in Long Blades
 11059 | D:11     | Noticed Psyche
 11065 | D:11     | Killed Psyche
 11315 | D:11     | Found a staircase to the Lair.
 11547 | Lair:1   | Entered Level 1 of the Lair of Beasts
 11570 | Lair:1   | Noticed a seven-headed hydra
 11579 | Lair:1   | Killed a three-headed hydra
 11612 | Lair:1   | Noticed Ereth's ghost (novice TrBe)
 12091 | Lair:1   | Found a runed gate.
 12091 | Lair:1   | Found a runed gate.
 12091 | Lair:1   | Found a runed gate.
 12210 | Lair:1   | Killed Ereth's ghost
 12214 | Lair:1   | Reached skill level 16 in Long Blades
 12547 | Lair:1   | Found the +8 whip "Snakebite" {curare, rPois}
 12701 | Lair:1   | Reached XP level 13. HP: 105/118 MP: 12/12
 13275 | Lair:2   | Found a hole to the Spider Nest.
 13651 | Lair:3   | Found a staircase to the Swamp.
 13651 | Lair:3   | Noticed Fannar
 13659 | Lair:3   | Killed Fannar
 15683 | Lair:5   | Found a staircase to the Slime Pits.
 15716 | Slime:1  | Entered Level 1 of the Pits of Slime
 15718 | Slime:1  | Gained mutation: You are weak. (Str -2) [a shining eye]
 15724 | Slime:1  | Reached skill level 17 in Long Blades
 15755 | Slime:2  | Noticed an acid blob
 15755 | Slime:2  | Noticed an azure jelly
 15755 | Slime:2  | Noticed an acid blob
 15755 | Slime:2  | Noticed an acid blob
 15765 | Slime:1  | Killed an acid blob
 16116 | Lair:6   | Entered Level 6 of the Lair of Beasts
 16261 | Lair:6   | Found a runed gate.
 16262 | Lair:6   | Found a runed gate.
 16317 | Lair:6   | Reached XP level 14. HP: 30/129 MP: 13/13
 16351 | Lair:6   | Noticed Pusaech's ghost (journeyman DDBe)
 16948 | Lair:6   | Found a runed gate.
 17794 | D:10     | Entered Level 10 of the Dungeon
 17808 | D:10     | Found a portal to a secret trove of treasure.
 17822 | D:10     | Found Emoxkim's Distillery.
 17832 | D:10     | Found a runed door.
 17834 | D:10     | Bought a potion of heal wounds for 75 gold pieces
 17834 | D:10     | Bought a potion of might for 60 gold pieces
 17834 | D:10     | Bought a potion of might for 60 gold pieces
 18168 | D:10     | Reached skill level 18 in Long Blades
 18200 | D:10     | Noticed an entropy weaver
 18213 | D:10     | Killed an entropy weaver
 18361 | D:10     | Noticed an entropy weaver
 18380 | D:10     | Killed an entropy weaver
 18536 | D:10     | Noticed an entropy weaver
 18544 | D:10     | Killed an entropy weaver
 18621 | D:10     | Noticed an entropy weaver
 18631 | D:10     | Killed an entropy weaver
 18675 | D:10     | Got an encrusted rapier
 18931 | D:9      | Found Petu's Elemental Accessories.
 19122 | D:9      | Noticed Harold
 19135 | D:9      | Killed Harold
 19412 | Temple   | Became a worshipper of Warmaster Okawaru
 19412 | Temple   | Reached * piety under Okawaru
 19412 | Temple   | Reached ** piety under Okawaru
 19429 | D:5      | Identified the +6 rapier of Velozois {protect, Str+4 Int+6}
                  | (You found it on level 10 of the Dungeon)
 19520 | Orc:1    | Entered Level 1 of the Orcish Mines
 19693 | Orc:2    | Entered Level 2 of the Orcish Mines
 19746 | Orc:2    | Noticed Azrael
 19760 | Orc:2    | Killed Azrael
 20030 | Orc:2    | Noticed an orc warlord
 20050 | Orc:2    | Reached *** piety under Okawaru
 20061 | Orc:2    | Killed an orc warlord
 20363 | Orc:2    | Lost mutation: You are weak. (Str -2) [potion of mutation]
 20363 | Orc:2    | Gained mutation: You have a pair of large horns on your
                  | head. [potion of mutation]
 20363 | Orc:2    | Gained mutation: Your flesh is heat resistant. (rF+)
                  | [potion of mutation]
 20384 | Orc:2    | Found a roughly hewn altar of Beogh.
 20403 | Orc:2    | Found Zuzxot's Jewellery Emporium.
 20476 | Orc:2    | Found Fucigawn's Antique Weapon Emporium.
 20511 | Orc:2    | Found Leczasm's General Store.
 20517 | Orc:2    | Bought a potion of invisibility for 112 gold pieces
 20585 | Orc:2    | Found a staircase to the Elven Halls.
 20599 | Orc:2    | Found Danur's Antique Armour Emporium.
 20882 | D:13     | Reached **** piety under Okawaru
 20882 | D:13     | Reached skill level 19 in Long Blades
 20884 | D:13     | Found a gate to the Vaults.
 21247 | D:13     | Reached XP level 15. HP: 139/139 MP: 0/14
 22289 | D:14     | Reached ***** piety under Okawaru
 22352 | D:14     | Noticed Roxanne
 22373 | D:14     | Killed Roxanne
 22433 | D:14     | Noticed Rupert
 22445 | D:14     | Killed Rupert
 22465 | D:14     | Found a shadowy altar of Dithmenos.
 22599 | D:14     | Found Muckael's Distillery.
 22628 | D:14     | Bought a potion of heal wounds for 85 gold pieces
 22628 | D:14     | Bought a potion of resistance for 170 gold pieces
 22628 | D:14     | Bought a potion of agility for 68 gold pieces
 23098 | D:15     | Entered Level 15 of the Dungeon
 23509 | D:15     | Found Sogaobin's Magic Scroll Boutique.
 23612 | D:15     | Reached skill level 15 in Fighting
 23642 | D:15     | Reached ****** piety under Okawaru
 23644 | D:15     | Received a gift from Okawaru
 23652 | D:15     | Reached skill level 20 in Long Blades
 23756 | D:15     | Found a staircase to the Depths.
 24603 | Swamp:1  | Entered Level 1 of the Swamp
 25726 | Swamp:2  | Reached skill level 15 in Armour
 25741 | Swamp:2  | Reached XP level 16. HP: 143/148 MP: 15/15
 26089 | Swamp:2  | Received a gift from Okawaru
 26113 | Swamp:2  | Identified a +0 pair of boots of running (Okawaru gifted it
                  | to you on level 2 of the Swamp)
 26692 | Swamp:3  | Found a runed door.
 26714 | Swamp:3  | Found a shimmering altar of Xom.
 26714 | Swamp:3  | Noticed Zuamen's ghost (journeyman DDFi)
 27155 | Swamp:4  | Entered Level 4 of the Swamp
 27305 | Swamp:4  | Reached skill level 1 in Bows
 27742 | Swamp:4  | Reached skill level 21 in Long Blades
 27842 | Swamp:4  | Noticed a thorn hunter
 27858 | Swamp:4  | Killed a thorn hunter
 27858 | Swamp:4  | Received a gift from Okawaru
 28164 | Swamp:4  | Identified a scroll of acquirement
 28579 | Swamp:4  | Got a glittering wooden ring
 28581 | Swamp:4  | Identified the ring of Fufopoacs {+Inv +Fly rPois rF- rC++}
                  | (You acquired it on level 4 of the Swamp)
 28605 | Swamp:4  | Got a decaying rune of Zot
 28965 | Swamp:3  | Killed Zuamen's ghost
 28980 | Swamp:3  | Got a vibrating brass amulet
 29188 | Spider:1 | Entered Level 1 of the Spider Nest
 29206 | Spider:1 | Reached skill level 15 in Dodging
 29598 | Spider:1 | Reached XP level 17. HP: 125/159 MP: 16/16
 30340 | Spider:2 | Received a gift from Okawaru
 31403 | Spider:3 | Reached skill level 5 in Bows
 31630 | Spider:4 | Entered Level 4 of the Spider Nest
 31996 | Spider:4 | Reached skill level 22 in Long Blades
 32081 | Spider:4 | Paralysed by a hornet for 1 turns
 32901 | Spider:4 | Received a gift from Okawaru
 32902 | Spider:4 | Found the +11 plutonium sword {*Contam Stlth-}
 33191 | Spider:4 | Got a gossamer rune of Zot
 33388 | D:15     | Bought a scroll of summoning for 123 gold pieces
 33388 | D:15     | Bought a scroll of identify for 26 gold pieces
 33388 | D:15     | Bought a scroll of identify for 26 gold pieces
 33388 | D:15     | Bought a scroll of identify for 26 gold pieces
 33391 | D:15     | Identified the amulet "Ytzetuco" {RegenMP SInv} (You found
                  | it on level 3 of the Swamp)
 33448 | Vaults:1 | Entered Level 1 of the Vaults
 34280 | Vaults:1 | Got a polished scale mail
 34292 | Vaults:1 | Identified the +1 scale mail "Azxoxeaw" {rElec Str+4} (You
                  | found it on level 1 of the Vaults)
 34330 | Vaults:1 | Received a gift from Okawaru
 34330 | Vaults:1 | Reached XP level 18. HP: 138/169 MP: 17/17
 34954 | Vaults:1 | You fall through a shaft!
 35484 | Vaults:2 | Got a pair of steaming boots
 35495 | Vaults:2 | Identified the cursed +0 pair of boots of Resourcefulness
                  | {Int+2 Dex+4} (You found it on level 2 of the Vaults)
 36221 | Vaults:2 | Found a staircase to the Crypt.
 36238 | Vaults:2 | Reached skill level 23 in Long Blades
 36552 | Vaults:2 | Received a gift from Okawaru
 36689 | Vaults:2 | Noticed Xtahua
 36694 | Vaults:2 | Noticed Xtahua
 36694 | Vaults:2 | Xtahua changed into Xtahua the juggernaut
 36700 | Vaults:2 | Killed Xtahua the juggernaut
 37211 | Vaults:2 | Received a gift from Okawaru
 37222 | Vaults:2 | Got a distressingly furry troll leather armour {god gift}
 37346 | Vaults:2 | Identified the +7 troll leather armour of Nihilism {*Contam
                  | MR++ Regen+ Str+5} (Okawaru gifted it to you on level 2 of
                  | the Vaults)
 38281 | Vaults:3 | Reached XP level 19. HP: 179/179 MP: 18/18
 38696 | Vaults:3 | Received a gift from Okawaru
 39324 | Vaults:4 | Mangled by a death knight

Vault maps used:
D:1:      scummos_arrival_checkerplants, minivault_11, nrook_campfire,
          chequers_big_river
D:2:      serial_bayou_pond_c, kennysheep_slug_shrine
D:3:      first_ration, uniq_jessica
D:4:      old_standard_altar, tgw_xom, uniq_natasha, uniq_grinder, uniq_duvessa
D:5:      old_standard_altar, fiery_altar_vehumet, lemuel_crystal_altar,
          ashenzari_altar_1, temple_green
D:6:      lemuel_doored_altar, uniq_menkaure, uniq_pikel
D:7:      serial_shops, shop
D:8:      elyvilon_altar_5, grunt_temple_overflow_diamond,
          gammafunk_ghost_gnarly_gnolls, kennysheep_generic_room_9, uniq_erica
D:9:      lemuel_zombie_altar_yredelemnul, led_sif_book, david_orc_2,
          hangedman_little_slice_of_home, nicolae_elemental_shop,
          minmay_splitting_lines, minivault_7, uniq_harold
D:10:     gammafunk_mikee_crab_dinner, enter_trove_1, serial_shops, shop
D:11:     dpeg_oklobed_lair, gauntlet_entry_generic, small_statue_alley_a,
          uniq_psyche
D:12:     ploomutoo_gammafunk_ghost_potion_laboratory, spider_trap,
          uniq_josephine
D:13:     david_vaults_2, minmay_misc_feat_tower
D:14:     serial_shops, nicolae_shop_crystal, nicolae_dithmenos_the_darkroom,
          uniq_rupert, uniq_roxanne
D:15:     hangedman_depths_entry_try_elsewhere_first, serial_shops, shop_statue,
          serial_ice, serial_ice_d, serial_ice_h, serial_ice_a, serial_ice_l,
          hangedman_abyss_or_decor_stabs
Temple:   nicolae_temple_figure_zero
Lair:1:   minmay_guarded_unrand_snakebite, gammafunk_ghost_icy,
          beast_lair_carwin_6, grunt_megastairs_5
Lair:2:   spider_nest_entry_funnel_web, disabler_island
Lair:3:   swamp_mist_pool, serial_bayou_crossing, grunt_megastairs_3,
          uniq_fannar
Lair:4:   serial_bayou_pond_e, infiniplex_staircase_pool
Lair:5:   minmay_slime_entry_jelly_boxes
Lair:6:   due_jungle_book, gammafunk_ghost_icy
Swamp:1:  evilmike_swamp_ruin_house_4, roderic_carrion_pond
Swamp:2:  wheals_swamp_sinkhole, swamp_pool1, nicolae_swamp_necromancer_hut
Swamp:3:  ebering_ghost_xom, hangedman_swamp_ruin_wall
Swamp:4:  swamp_alternative
Spider:1: hangedman_spider_tarantella_strand
Spider:4: guppyfry_spider_rune, nicolae_spider_webbed_stairs
Orc:1:    uniq_snorg
Orc:2:    grunt_orc_cross, uniq_azrael
Vaults:1: nicolae_vaults_minivaults, vaults_mumra_hexcomb, v_misc_8,
          ontoclasm_vaults_hangar, v_misc_11, ontoclasm_vaults_ring_square,
          v_pattern_2, nicolae_vaults_little_squares_2, v_misc_2,
          hangedman_vaults_stagger, vaults_room_grunt_arrival_ludios
Vaults:2: vaults_room_door_ring, v_misc_32, vaults_dpeg_doors,
          minmay_crypt_entry_simple_statues, v_misc_22, st_cells,
          hangedman_vaults_corner, hangedman_vaults_restitches,
          hangedman_vaults_slice, ontoclasm_vaults_shuriken, uniq_xtahua
Vaults:3: vaults_room_large_hall, hangedman_vaults_stream,
          nicolae_vaults_little_squares_6, hangedman_vaults_maws, v_misc_14,
          hangedman_vaults_cutoff, vaults_room_pools, ontoclasm_vaults_gateway,
          special_room_vaults, uniq_boris
Vaults:4: v_misc_10, v_misc_14, grunt_vaults_focal,
          nicolae_vaults_yaktaur_gun_rack, nicolae_vaults_little_squares_5,
          ontoclasm_vaults_spin, grunt_vaults_diagonal,
          ontoclasm_vaults_loading_screen, ontoclasm_vaults_loading_screen,
          vaults_dpeg_hooks, v_pattern_1, hangedman_vaults_maws, v_misc_15,
          ontoclasm_vaults_chip
Gauntlet: gammafunk_gauntlet_branching

Skill      XL: |  1  2  3  4  5  6  7  8  9 10 11 12 13 14 15 16 17 18 19 |
---------------+----------------------------------------------------------+-----
Long Blades    | 4 5 6 7 9 11 13 14 16 17 19 20 21 22 23 | 23.8
Armour         | 1 2 3 4 6 7 9 10 11 12 13 15 16 17 | 17.8
Fighting       | 4 5 6 7 8 9 11 12 13 14 15 16 17 18 | 18.2
Dodging        | 4 5 6 7 9 10 11 12 13 14 15 16 | 16.8
Bows           | 4 6 9 |  9.6
Stealth        | |  1.5

Action                   |  1- 3 |  4- 6 |  7- 9 | 10-12 | 13-15 | 16-18 | 19-21 || total
-------------------------+-------+-------+-------+-------+-------+-------+-------++-------
Melee: Falchion          |    53 |   178 |   344 |       |       |       |       ||   575
       Headbutt          |     9 |    35 |    91 |   129 |   331 |   419 |    64 ||  1078
       Scimitar          |       |       |    24 |   311 |   113 |    63 |       ||   511
       Demon blade       |       |       |       |   169 |   954 |   722 |       ||  1845
       Triple sword      |       |       |       |       |       |   464 |   160 ||   624
 Fire: Longbow           |       |       |       |       |       |     3 |       ||     3
  Use: Scroll            |       |       |       |    20 |     6 |    14 |     1 ||    41
       Potion            |       |       |       |     9 |     2 |     7 |     6 ||    24
 Stab: Sleeping          |     4 |     1 |       |       |       |       |       ||     5
       Confused          |       |       |       |       |       |     1 |       ||     1
  Eat: Chunk             |     1 |     5 |    15 |    17 |    25 |    29 |     3 ||    95
       Ration            |       |       |       |       |     5 |     3 |       ||     8
Armor: Robe              |     9 |     6 |       |       |       |       |       ||    15
       Plate armour      |       |    93 |   240 |    57 |       |       |       ||   390
       Ring mail         |       |       |       |    38 |       |       |       ||    38
       Crystal plate arm |       |       |       |    85 |   565 |   694 |       ||  1344
       Troll leather arm |       |       |       |       |       |    20 |    33 ||    53
Dodge: Dodged            |    37 |    80 |   152 |   179 |   470 |   716 |   143 ||  1777
       Deflected         |       |       |       |       |     3 |       |       ||     3
Block: Other             |       |       |       |    34 |    84 |   131 |    15 ||   264
       Reflection        |       |       |       |     3 |     6 |     6 |       ||    15
       Rpst.: Falchion   |     7 |    25 |    40 |       |       |       |       ||    72
       Scimitar          |       |       |       |    30 |    12 |     7 |       ||    49
       Demon blade       |       |       |       |    10 |    97 |    71 |       ||   178
       Triple sword      |       |       |       |       |       |    54 |    23 ||    77

Table legend:
 A = Non-vault XP
 B = Vault XP
 C = Vault XP percentage of total XP
 D = Non-vault monster count
 E = Vault monster count
 F = Vault count percentage of total count
                 A         B        C        D         E       F
            +---------+---------+-------+---------+---------+-------
      Total |  245442 |  171835 |  41.2 |     886 |     399 |  31.1
            +---------+---------+-------+---------+---------+-------
        D:1 |      40 |       0 |   0.0 |      20 |       0 |   0.0
        D:2 |      77 |       4 |   4.9 |      19 |       1 |   5.0
        D:3 |     268 |     258 |  49.0 |      36 |       3 |   7.7
        D:4 |     475 |     304 |  39.0 |      21 |       7 |  25.0
        D:5 |     211 |       0 |   0.0 |      12 |       0 |   0.0
        D:6 |     482 |     755 |  61.0 |      22 |       2 |   8.3
        D:7 |     532 |       0 |   0.0 |      17 |       0 |   0.0
        D:8 |    1599 |    2461 |  60.6 |      24 |      14 |  36.8
        D:9 |    1822 |    2655 |  59.3 |      26 |      36 |  58.1
       D:10 |    2400 |   11432 |  82.6 |      20 |      12 |  37.5
       D:11 |    3276 |    1069 |  24.6 |      33 |       2 |   5.7
       D:12 |    6603 |    1879 |  22.2 |      29 |       5 |  14.7
       D:13 |    9037 |    2659 |  22.7 |      38 |       3 |   7.3
       D:14 |    7661 |    4904 |  39.0 |      31 |       2 |   6.1
       D:15 |   19479 |    3612 |  15.6 |      47 |      10 |  17.5
     Lair:1 |    3994 |    6307 |  61.2 |      15 |      33 |  68.8
     Lair:2 |       0 |     756 | 100.0 |       0 |       5 | 100.0
     Lair:3 |    2492 |    1433 |  36.5 |      10 |       3 |  23.1
     Lair:4 |    2405 |       0 |   0.0 |       8 |       0 |   0.0
     Lair:5 |    6332 |     548 |   8.0 |      19 |      13 |  40.6
     Lair:6 |   12063 |    2111 |  14.9 |      35 |       7 |  16.7
    Swamp:1 |    8255 |     735 |   8.2 |      22 |       6 |  21.4
    Swamp:2 |   11869 |    1559 |  11.6 |      30 |       6 |  16.7
    Swamp:3 |   10930 |    2250 |  17.1 |      34 |       2 |   5.6
    Swamp:4 |   11616 |   15002 |  56.4 |      33 |      23 |  41.1
   Spider:1 |   16691 |     210 |   1.2 |      51 |       1 |   1.9
   Spider:2 |    8900 |       0 |   0.0 |      19 |       0 |   0.0
   Spider:3 |    5550 |       0 |   0.0 |      11 |       0 |   0.0
   Spider:4 |   11816 |   26650 |  69.3 |      31 |      41 |  56.9
    Slime:1 |    2997 |       0 |   0.0 |       2 |       0 |   0.0
      Orc:1 |     176 |       0 |   0.0 |       4 |       0 |   0.0
      Orc:2 |     646 |    9676 |  93.7 |      12 |      38 |  76.0
   Vaults:1 |   16481 |   10808 |  39.6 |      28 |      19 |  40.4
   Vaults:2 |   26724 |   27879 |  51.1 |      67 |      34 |  33.7
   Vaults:3 |   24595 |   23947 |  49.3 |      52 |      58 |  52.7
   Vaults:4 |    6948 |    3769 |  35.2 |       8 |       5 |  38.5
   Gauntlet |       0 |    6203 | 100.0 |       0 |       8 | 100.0
            +---------+---------+-------+---------+---------+-------
